 Dungeon Crawl Stone Soup version 0.30-a0-4-ga7cffc901d (webtiles) character file.

Game seed: 15718719243100944994

1213 wingedge the Firebug (level 8, -3/66 HPs)
             Began as a Hill Orc Fire Elementalist on Aug 21, 2022.
             Was an Elder of Lugonu.
             Succumbed to a kobold brigand's curare-tipped dart
             ... on level 5 of the Dungeon.
             The game lasted 00:49:42 (5513 turns).

wingedge the Firebug (Hill Orc Fire Elementalist)   Turns: 5513, Time: 00:49:43

Health: -3/66      AC:  4    Str: 11    XL:     8   Next: 46%
Magic:  2/15       EV: 12    Int: 21    God:    Lugonu [****..]
Gold:   270        SH:  5    Dex: 17    Spells: 4/15 levels left

rFire   + . .      SeeInvis .    b - +0 sling
rCold   x . .      Faith    .    (no shield)
rNeg    + . .      Spirit   .    z - +0 leather armour
rPois   .          Reflect  +    (no helmet)
rElec   .          Harm     .    y - +0 cloak
rCorr   .          Rampage  .    (no gloves)
Will    .....                    (no boots)
Stlth   ++........               h - amulet of reflection
HPRegen 1.01/turn                d - +6 ring of dexterity
MPRegen 0.14/turn                c - ring of Xom's Condemnation {Fire rN+ Int+4}

@: lethally poisoned (-3 -> -10), slowed, very slow
A: high MP 1, regeneration 1
a: Renounce Religion, Depart the Abyss, Bend Space, Banish, Corrupt


You were on level 5 of the Dungeon.
You worshipped Lugonu.
Lugonu was greatly pleased with you.
You visited 1 branch of the dungeon, and saw 5 of its levels.

You collected 270 gold pieces.

Inventory:

Hand Weapons
 a - a +1 short sword of distortion
 b - a +0 sling (weapon)
 e - a +4 short sword
Missiles
 x - 5 silver boomerangs
 B - a boomerang
 C - 2 throwing nets
 D - 11 poisoned darts
Armour
 n - a +0 ring mail
 p - an orb of wrath
 y - a +0 cloak (worn)
 z - a +0 leather armour (worn)
Jewellery
 c - the ring of Xom's Condemnation (right hand) {Fire rN+ Int+4}
   (You acquired it on level 3 of the Dungeon)

   [ring of fire]

   It enhances your fire magic.
   Int:       It affects your intelligence (+4).
   rF:        It protects you from fire.
   rC:        It makes you vulnerable to cold.
   rN:        It protects you from negative energy.
 d - a +6 ring of dexterity (left hand)
 h - an amulet of reflection (around neck)
Wands
 g - a wand of digging (14)
 t - a wand of paralysis (8)
 v - a wand of flame (10)
Scrolls
 j - 2 scrolls of enchant armour
 k - a scroll of silence
 l - a scroll of amnesia
 q - a scroll of vulnerability
 w - a scroll of noise {unknown}
Potions
 f - a potion of magic
 i - a potion of brilliance {unknown}
 s - a potion of mutation
 u - a potion of berserk rage {unknown}
 A - a potion of heal wounds {unknown}


   Skills:
 - Level 4.0 Fighting
 - Level 2.0 Armour
 - Level 2.0 Dodging
 - Level 3.0 Stealth
 - Level 4.0 Spellcasting
 + Level 3.1 Conjurations
 - Level 4.0 Hexes
 - Level 5.0 Fire Magic
 - Level 3.0 Invocations


You had 4 spell levels left.
You knew the following spells:

 Your Spells              Type           Power      Damage    Failure   Level
a - Foxfire               Conj/Fire      100%       2x1d9     3%          1
b - Scorch                Fire           74%        2d8       3%          2
c - Slow                  Hex            84%        N/A       3%          1
d - Inner Flame           Hex/Fire       34%        N/A       8%          3
e - Flame Wave            Conj/Fire      31%        2d9       30%         4

Your spell library contained the following spells:

 Spells                   Type           Power      Damage    Failure   Level
 Confusing Touch          Hex            21%        N/A       9%          3
 Conjure Flame            Conj/Fire      31%        6-21      9%          3
 Ozocubu's Armour         Ice            4%         N/A       43%         3
 Vampiric Draining        Necr           4%         2d6       43%         3
 Ozocubu's Refrigeration  Ice            2%         4d7       100%        7


Dungeon Overview and Level Annotations

Branches:
Dungeon (5/15)
 Temple: D:4-7

Altars:
Cheibriados
Uskayaw
Wu Jian
Lugonu

Annotations:
D:3 2 transporters, Splishie's ghost, weakling GnWn


Innate Abilities, Weirdness & Mutations

You have an increased reservoir of magic. (+10% MP)
Your natural rate of healing is unusually fast.


Message History

A gnoll comes into view. It is wielding a +0 club.
Your magical effects are unravelling.
You feel magically purged.
You feel yourself speed up.
The kobold brigand throws a curare-tipped dart.
The curare-tipped dart hits you.
You are poisoned.
You have difficulty breathing.
You feel yourself slow down.
The kobold brigand throws a curare-tipped dart.
The curare-tipped dart hits you.
You are lethally poisoned!
You have difficulty breathing.
* * * LOW HITPOINT WARNING * * *
You feel as though you will be slow longer.
Unknown command.
Okay, then.
As you read the scroll of summoning, it crumbles to dust.
Wisps of shadow whirl around you...
* * * LOW HITPOINT WARNING * * *
You feel extremely sick.
The kobold brigand throws a curare-tipped dart.
The curare-tipped dart misses you.
Okay, then.
Okay, then.
Aiming: Paralyse
Press: ? - help, Shift-Dir - straight line, f - kobold brigand
Aim: a kobold brigand, wielding a +0 short sword and quivering curare-tipped darts (ally target, chance to affect: 49%)
The kobold brigand resists with some effort.
* * * LOW HITPOINT WARNING * * *
You feel extremely sick.
Okay, then.
Okay, then.
Throw: 2 throwing nets
Press: ? - help, Shift-Dir - straight line, f/p - kobold brigand
Aim: a kobold brigand, wielding a +0 short sword and quivering curare-tipped darts (ally target, 55% to hit)
Okay, then.
Really quaff the potion of mutation?
You feel extremely strange.
You feel more energetic.
You begin to heal more quickly.
You die...

###### ####################
......# ##.@...#.......#....#
.......###h.S...'.......#....#
........#..5....#########....#
..K...)K#..............#......
....K..K☼.............))......
...K.(KK#..............#)..).)
......°g#.......#########...)#
.......###......'.......#..).#
......# ##.....#.......#)().#


You could see a kobold brigand (ally target), a gnoll, 2 kobolds, a friendly
water moccasin (summoned), a friendly hound (summoned) and a friendly white imp
(summoned).

Vanquished Creatures
  A black bear (D:4)
  A kobold brigand (D:5)
  2 necrophages
  2 scorpions
  A howler monkey (D:5)
  An orc priest (D:4)
  5 hounds
  Crazy Yiuf (D:4)
  An iguana (D:5)
  Ijyb (D:3)
  Natasha (thrice) (D:3)
  3 orc wizards (D:4)
  13 gnolls
  8 adders
  2 worms (D:2)
  3 dart slugs
  8 orcs
  11 ball pythons
  6 endoplasms
  6 giant cockroaches
  10 goblins
  10 hobgoblins
  4 jackals
  6 quokkas
  3 bats
  3 frilled lizards
  37 kobolds
  8 rats
160 creatures vanquished.

Vanquished Creatures (others)
  220 foxfires
220 creatures vanquished.

Grand Total: 380 creatures vanquished

Notes
Turn   | Place    | Note
-------+----------+-------------------------------------------
     0 | D:1      | wingedge the Hill Orc Fire Elementalist began the quest for
                  | the Orb.
     0 | D:1      | Reached XP level 1. HP: 14/14 MP: 3/3
   266 | D:1      | Reached XP level 2. HP: 20/20 MP: 1/4
   464 | D:1      | Learned a level 2 spell: Scorch
   609 | D:1      | Reached skill level 1 in Fighting
   609 | D:1      | Reached XP level 3. HP: 28/28 MP: 0/6
   801 | D:1      | Found a faded altar of an unknown god.
   813 | D:1      | Prayed at the altar of an unknown god.
   813 | D:1      | Became a worshipper of Lugonu the Unformed
   813 | D:1      | Reached * piety under Lugonu
   813 | D:1      | Reached ** piety under Lugonu
  1288 | D:2      | Reached XP level 4. HP: 36/36 MP: 5/7
  1546 | D:2      | Found a hide-covered altar of Uskayaw.
  1671 | D:2      | Reached skill level 4 in Fire Magic
  1768 | D:2      | Reached skill level 1 in Invocations
  2095 | D:3      | Reached skill level 1 in Hexes
  2145 | D:3      | Reached *** piety under Lugonu
  2155 | D:3      | Learned a level 1 spell: Slow
  2248 | D:3      | Found a transporter.
  2252 | D:3      | Noticed Splishie's ghost (weakling GnWn)
  2281 | D:3      | Reached XP level 5. HP: 36/41 MP: 3/8
  2345 | D:3      | Found a transporter.
  2501 | D:3      | Noticed Ijyb
  2502 | D:3      | Noticed Natasha
  2511 | D:3      | Killed Ijyb
  2512 | D:3      | Identified a scroll of acquirement
  2514 | D:3      | Acquired the ring of Xom's Condemnation {Fire rN+ Int+4}
  2671 | D:3      | Learned a level 3 spell: Inner Flame
  2723 | D:3      | Killed Natasha
  2827 | D:3      | Reached XP level 6. HP: 51/51 MP: 5/9
  2874 | D:3      | Noticed Natasha
  2879 | D:3      | Killed Natasha
  2960 | D:3      | Noticed Natasha
  2965 | D:3      | Killed Natasha
  2966 | D:3      | Reached skill level 5 in Fire Magic
  3468 | D:4      | Found an ornate altar of the Wu Jian Council.
  3509 | D:4      | Found a snail-covered altar of Cheibriados.
  3532 | D:4      | Reached XP level 7. HP: 38/57 MP: 3/10
  3933 | D:4      | Found a runed translucent door.
  3934 | D:4      | Noticed Crazy Yiuf
  3945 | D:4      | Killed Crazy Yiuf
  4634 | D:5      | Entered Level 5 of the Dungeon
  4646 | D:5      | Reached XP level 8. HP: 63/63 MP: 2/13
  4763 | D:5      | Reached **** piety under Lugonu
  5028 | D:5      | Reached skill level 1 in Armour
  5061 | D:5      | Learned a level 4 spell: Flame Wave
  5490 | D:5      | Identified the ring of Dim Light {rC+ AC+4 Stlth+}
  5512 | D:5      | HP: 1/66 [poisoned by a kobold brigand (curare-tipped
                  | dart)]
  5513 | D:5      | Gained mutation: You have an increased reservoir of magic.
                  | (+10% MP) [potion of mutation]
  5513 | D:5      | Gained mutation: Your natural rate of healing is unusually
                  | fast. [potion of mutation]
  5513 | D:5      | Succumbed to a kobold brigand's curare-tipped dart

Illustrated notes

Levels and vault maps discovered:
D:1:      nicolae_arrival_memento_mori, layout_basic,
          dreamdust_ecumenical_altar_statues
D:2:      layout_basic, basic_altar, minmay_tall_x
D:3:      layout_basic, gammafunk_ghost_stat_death, kennysheep_generic_room_2,
          uniq_natasha, uniq_ijyb
D:4:      layout_basic, gammafunk_temple_overflow_wave, uniq_crazy_yiuf_cottage
D:5:      minmay_goblin_kobold_castle, layout_basic, lemuel_flamethrower_1,
          uniq_duvessa

Skill      XL: |  1  2  3  4  5  6  7  8 |
---------------+-------------------------+-----
Conjurations   | 2 3 |  3.1
Spellcasting   | 2 3 4 |  4.0
Stealth        | 2 3 |  3.0
Fighting       | 1 2 3 4 |  4.0
Fire Magic     | 4 5 |  5.0
Invocations    | 1 2 3 |  3.0
Hexes          | 1 2 3 4 |  4.0
Dodging        | 2 |  2.0
Armour         | 2 |  2.0

Action                   |  1- 3 |  4- 6 |  7- 9 || total
-------------------------+-------+-------+-------++-------
Melee: Short sword       |     9 |    31 |    25 ||    65
 Fire: Sling             |     5 |    43 |    56 ||   104
 Cast: Foxfire           |    47 |    20 |    59 ||   126
       Scorch            |     2 |    33 |    26 ||    61
       Slow              |       |     5 |     6 ||    11
       Inner Flame       |       |     1 |     6 ||     7
Evoke: Wand              |       |       |     3 ||     3
  Use: Scroll            |       |     9 |     3 ||    12
       Potion            |       |       |     3 ||     3
 Stab: Sleeping          |     2 |       |       ||     2
       Distracted        |       |     1 |       ||     1
       Paralysed         |       |       |     3 ||     3
Armor: Robe              |     1 |     3 |     1 ||     5
       Leather armour    |       |       |     5 ||     5
Dodge: Dodged            |     3 |    18 |    20 ||    41
Block: Other             |       |     1 |     9 ||    10
       Reflection        |       |       |     7 ||     7

Table legend: (Time is in decaauts)
 A = Elapsed time spent in this place.
 B = Non-inter-level travel time spent in this place.
 C = Inter-level travel time spent in this place.
 D = Time resting spent in this place.
 E = Time spent auto-exploring this place.
 F = Levels seen in this place.
 G = Mean time per level.
                   A        B        C        D        E       F      G
               +--------+--------+--------+--------+--------+-----+--------+
         Total |   5532 |   5090 |    442 |   2192 |     72 |   5 | 1106.4 |
       Dungeon |   5532 |   5090 |    442 |   2192 |     72 |   5 | 1106.4 |
               +--------+--------+--------+--------+--------+-----+--------+

Top non-repeatable levels by time:
     D:4: 1523 daAuts
     D:1: 1089 daAuts
     D:3: 1086 daAuts
     D:2: 938 daAuts
     D:5: 895 daAuts
